[ AOE2 MATCH · #505857069 ]
UnrankedBritons vs Burmese
Player's team · LOSS
Rival team · WIN
[ REPLAY ANALYSIS · EXTRACTED FROM THE RECORDED GAME ]
Feudal
8:52
Castle
26:23
Imperial
46:25
| APM avg | 92.2 |
| APM peak | 128 |
| eAPM avg | 52.0 |
| Villagers / military | 170 / 193 |
Focus
⚔️ 53.3% · 🌾 46.7%
Longbowman ×112 · Skirmisher ×63 · Monk ×6 · Mangonel ×5 · Spearman ×3 · Archer ×2
Feudal
8:51
Castle
25:55
Imperial
34:23
| APM avg | 58.0 |
| APM peak | 106 |
| eAPM avg | 28.0 |
| Villagers / military | 123 / 168 |
Focus
⚔️ 49.4% · 🌾 50.6%
Skirmisher ×127 · Cavalry Archer ×18 · Bombard Cannon ×12 · Spearman ×4 · Scout Cavalry ×3 · Battering Ram ×2
Match map
Initial resources + every placement click. Lines = walls · curves = elevation contours. ◆ gold · ⬟ stone · ● berries · ✦ relic · ◌ wall gap
Your base· Open — 7t gap
Eray_'s base· Open — 10t gap
Smoothed initial terrain · ◌ = detected wall gap · hover for details
Inputs per minute
— iamkaito - - Eray_
Build order — iamkaito
First 150 of 526 actions detected
| 0:00 | Queue | Villager (Male) |
| 0:02 | Build | House |
| 0:02 | Queue | Villager (Male) |
| 0:02 | Queue | Villager (Male) |
| 0:04 | Build | House |
| 0:12 | Queue | Villager (Male) |
| 1:20 | Queue | Villager (Male) |
| 1:47 | Queue | Villager (Male) |
| 2:04 | Queue | Villager (Male) |
| 2:28 | Build | Lumber Camp |
| 2:45 | Queue | Villager (Male) |
| 2:54 | Queue | Villager (Male) |
| 2:55 | Queue | Villager (Male) |
| 3:12 | Build | House |
| 3:19 | Queue | Villager (Male) |
| 3:20 | Queue | Villager (Male) |
| 3:42 | Queue | Villager (Male) |
| 3:46 | Build | House |
| 4:15 | Queue | Villager (Male) |
| 4:31 | Queue | Villager (Male) |
| 5:27 | Queue | Villager (Male) |
| 5:32 | Queue | Villager (Male) |
| 5:32 | Queue | Villager (Male) |
| 5:34 | Build | Mining Camp |
| 6:15 | Research | Loom |
| 6:40 | Research | Feudal Age |
| 7:47 | Build | Barracks |
| 7:52 | Build | House |
| 8:26 | Build | Palisade Wall |
| 8:28 | Build | Palisade Wall |
| 8:29 | Build | Palisade Wall |
| 8:30 | Build | Palisade Wall |
| 8:52 | Age | Feudal Age |
| 8:57 | Queue | Villager (Male) |
| 8:58 | Queue | Villager (Male) |
| 9:03 | Build | Palisade Wall |
| 9:07 | Queue | Villager (Male) |
| 9:13 | Build | Archery Range |
| 9:20 | Queue | Spearman |
| 9:21 | Queue | Spearman |
| 9:25 | Queue | Villager (Male) |
| 9:25 | Queue | Villager (Male) |
| 9:43 | Queue | Villager (Male) |
| 9:55 | Queue | Skirmisher |
| 9:55 | Queue | Skirmisher |
| 10:02 | Queue | Villager (Male) |
| 10:02 | Queue | Villager (Male) |
| 10:12 | Queue | Skirmisher |
| 10:16 | Queue | Villager (Male) |
| 10:24 | Queue | Villager (Male) |
| 10:25 | Build | Mill |
| 10:28 | Queue | Skirmisher |
| 10:33 | Queue | Villager (Male) |
| 10:33 | Queue | Villager (Male) |
| 10:48 | Queue | Villager (Male) |
| 10:50 | Build | Farm |
| 10:57 | Queue | Skirmisher |
| 11:14 | Queue | Spearman |
| 11:27 | Queue | Skirmisher |
| 11:29 | Queue | Villager (Male) |
| 11:29 | Queue | Villager (Male) |
| 11:34 | Build | Farm |
| 11:44 | Queue | Villager (Male) |
| 11:55 | Build | House |
| 11:59 | Build | House |
| 12:05 | Build | Farm |
| 12:13 | Queue | Skirmisher |
| 12:18 | Build | House |
| 12:21 | Build | Palisade Wall |
| 12:37 | Queue | Skirmisher |
| 12:43 | Queue | Skirmisher |
| 13:11 | Build | Mining Camp |
| 13:16 | Build | Palisade Wall |
| 13:19 | Queue | Villager (Male) |
| 13:24 | Build | House |
| 13:29 | Build | Palisade Wall |
| 13:31 | Queue | Archer |
| 13:31 | Queue | Archer |
| 13:46 | Queue | Villager (Male) |
| 13:49 | Build | Farm |
| 14:03 | Queue | Villager (Male) |
| 14:06 | Queue | Skirmisher |
| 14:15 | Queue | Villager (Male) |
| 14:33 | Build | Palisade Wall |
| 14:34 | Queue | Villager (Male) |
| 14:35 | Build | Blacksmith |
| 14:38 | Build | Palisade Wall |
| 14:49 | Queue | Skirmisher |
| 14:57 | Build | Farm |
| 15:01 | Build | Outpost |
| 15:03 | Build | Outpost |
| 15:07 | Build | Farm |
| 15:11 | Build | Farm |
| 15:17 | Queue | Skirmisher |
| 15:27 | Build | House |
| 15:32 | Build | Farm |
| 15:34 | Build | Farm |
| 15:48 | Queue | Villager (Male) |
| 15:58 | Build | House |
| 16:00 | Build | House |
| 16:06 | Queue | Villager (Male) |
| 16:09 | Build | Farm |
| 16:11 | Build | Farm |
| 16:15 | Queue | Skirmisher |
| 16:15 | Queue | Skirmisher |
| 16:22 | Build | Farm |
| 16:44 | Build | Watch Tower |
| 16:49 | Queue | Skirmisher |
| 16:49 | Queue | Skirmisher |
| 17:06 | Queue | Villager (Male) |
| 17:18 | Build | Farm |
| 17:38 | Queue | Villager (Male) |
| 17:42 | Build | Outpost |
| 17:45 | Build | Farm |
| 17:46 | Build | Farm |
| 17:48 | Queue | Villager (Male) |
| 17:51 | Queue | Villager (Male) |
| 18:00 | Queue | Skirmisher |
| 18:01 | Build | House |
| 18:02 | Build | Outpost |
| 18:05 | Build | House |
| 18:06 | Build | Palisade Wall |
| 18:09 | Build | Farm |
| 18:26 | Build | Farm |
| 18:37 | Build | Watch Tower |
| 18:51 | Build | Palisade Wall |
| 18:57 | Queue | Villager (Male) |
| 19:05 | Build | Watch Tower |
| 19:27 | Build | Palisade Wall |
| 19:30 | Build | House |
| 19:41 | Build | Mill |
| 19:55 | Queue | Villager (Male) |
| 20:20 | Queue | Villager (Male) |
| 20:48 | Queue | Villager (Male) |
| 20:48 | Queue | Villager (Male) |
| 20:56 | Build | Archery Range |
| 20:58 | Queue | Villager (Male) |
| 21:20 | Build | Farm |
| 21:27 | Build | Watch Tower |
| 21:34 | Research | Fletching |
| 21:34 | Research | Fletching |
| 21:37 | Queue | Villager (Male) |
| 21:41 | Build | Farm |
| 21:57 | Queue | Villager (Male) |
| 22:16 | Build | House |
| 22:35 | Build | Farm |
| 22:52 | Queue | Villager (Male) |
| 22:56 | Queue | Villager (Male) |
| 23:16 | Build | Market |
| 23:43 | Research | Castle Age |
Build order — Eray_
First 150 of 450 actions detected
| 0:00 | Queue | Villager (Male) |
| 0:01 | Queue | Villager (Male) |
| 0:01 | Queue | Villager (Male) |
| 0:03 | Build | House |
| 0:04 | Build | House |
| 0:11 | Queue | Villager (Male) |
| 0:11 | Queue | Villager (Male) |
| 1:25 | Queue | Villager (Male) |
| 1:25 | Queue | Villager (Male) |
| 1:47 | Build | Lumber Camp |
| 1:59 | Queue | Villager (Male) |
| 2:00 | Queue | Villager (Male) |
| 2:00 | Queue | Villager (Male) |
| 2:25 | Queue | Villager (Male) |
| 2:34 | Queue | Villager (Male) |
| 2:34 | Queue | Villager (Male) |
| 2:34 | Queue | Villager (Male) |
| 3:08 | Queue | Villager (Male) |
| 3:09 | Queue | Villager (Male) |
| 3:09 | Queue | Villager (Male) |
| 3:30 | Queue | Villager (Male) |
| 3:30 | Queue | Villager (Male) |
| 3:56 | Build | House |
| 4:10 | Queue | Villager (Male) |
| 4:10 | Queue | Villager (Male) |
| 4:10 | Queue | Villager (Male) |
| 4:25 | Queue | Villager (Male) |
| 4:25 | Queue | Villager (Male) |
| 4:53 | Queue | Villager (Male) |
| 4:53 | Queue | Villager (Male) |
| 5:12 | Queue | Villager (Male) |
| 5:39 | Queue | Villager (Male) |
| 5:47 | Build | Mill |
| 6:04 | Research | Loom |
| 6:04 | Research | Loom |
| 6:40 | Research | Feudal Age |
| 6:40 | Research | Feudal Age |
| 7:44 | Queue | Villager (Male) |
| 7:49 | Build | Barracks |
| 8:21 | Build | House |
| 8:51 | Age | Feudal Age |
| 8:53 | Build | Archery Range |
| 8:54 | Queue | Spearman |
| 8:58 | Queue | Villager (Male) |
| 9:07 | Build | Archery Range |
| 9:12 | Queue | Spearman |
| 9:33 | Queue | Spearman |
| 9:42 | Queue | Villager (Male) |
| 9:47 | Build | House |
| 9:49 | Build | Farm |
| 9:52 | Queue | Skirmisher |
| 10:05 | Build | Watch Tower |
| 10:09 | Queue | Skirmisher |
| 10:11 | Queue | Spearman |
| 10:19 | Queue | Villager (Male) |
| 10:20 | Queue | Villager (Male) |
| 10:36 | Build | House |
| 10:54 | Build | Mining Camp |
| 10:55 | Queue | Villager (Male) |
| 11:23 | Queue | Villager (Male) |
| 11:25 | Build | House |
| 11:44 | Queue | Skirmisher |
| 11:45 | Queue | Villager (Male) |
| 11:49 | Build | Farm |
| 11:57 | Queue | Skirmisher |
| 12:12 | Build | Watch Tower |
| 12:20 | Queue | Skirmisher |
| 12:21 | Queue | Villager (Male) |
| 12:29 | Build | Farm |
| 12:30 | Queue | Villager (Male) |
| 12:47 | Build | Farm |
| 12:50 | Build | Palisade Wall |
| 12:51 | Queue | Villager (Male) |
| 13:08 | Build | Blacksmith |
| 13:15 | Queue | Skirmisher |
| 13:16 | Queue | Villager (Male) |
| 13:33 | Build | Farm |
| 13:43 | Research | Fletching |
| 13:43 | Research | Fletching |
| 13:43 | Research | Fletching |
| 13:49 | Build | Farm |
| 13:55 | Build | Palisade Wall |
| 13:59 | Build | Palisade Wall |
| 14:03 | Queue | Villager (Male) |
| 14:08 | Build | Farm |
| 14:09 | Build | House |
| 14:13 | Queue | Skirmisher |
| 14:26 | Build | House |
| 14:31 | Research | Town Watch |
| 14:31 | Research | Town Watch |
| 14:31 | Research | Town Watch |
| 14:36 | Build | Farm |
| 14:40 | Queue | Skirmisher |
| 14:55 | Queue | Villager (Male) |
| 14:57 | Build | Farm |
| 15:01 | Queue | Skirmisher |
| 15:13 | Queue | Skirmisher |
| 15:19 | Build | House |
| 15:22 | Queue | Villager (Male) |
| 15:22 | Queue | Villager (Male) |
| 15:22 | Queue | Villager (Male) |
| 15:26 | Build | House |
| 15:33 | Queue | Skirmisher |
| 15:45 | Queue | Villager (Male) |
| 15:55 | Build | House |
| 15:57 | Queue | Villager (Male) |
| 16:11 | Queue | Skirmisher |
| 16:18 | Queue | Villager (Male) |
| 16:27 | Build | Watch Tower |
| 16:30 | Queue | Skirmisher |
| 16:30 | Queue | Skirmisher |
| 16:48 | Build | Farm |
| 16:48 | Build | Farm |
| 16:49 | Build | Farm |
| 17:16 | Build | Stable |
| 17:29 | Queue | Villager (Male) |
| 17:33 | Queue | Villager (Male) |
| 17:37 | Build | Farm |
| 17:39 | Build | Farm |
| 17:51 | Queue | Scout Cavalry |
| 17:51 | Queue | Scout Cavalry |
| 17:54 | Build | Farm |
| 18:14 | Build | Farm |
| 18:21 | Queue | Skirmisher |
| 18:27 | Queue | Villager (Male) |
| 18:28 | Build | Farm |
| 18:37 | Build | Farm |
| 19:05 | Queue | Villager (Male) |
| 19:21 | Research | Wheelbarrow |
| 19:22 | Research | Wheelbarrow |
| 19:25 | Build | Mining Camp |
| 19:54 | Queue | Villager (Male) |
| 19:55 | Queue | Scout Cavalry |
| 19:58 | Build | Farm |
| 20:20 | Queue | Villager (Male) |
| 20:29 | Build | Farm |
| 20:30 | Build | Farm |
| 21:00 | Queue | Villager (Male) |
| 21:15 | Build | Watch Tower |
| 21:25 | Build | Farm |
| 21:35 | Build | Farm |
| 21:36 | Queue | Villager (Male) |
| 21:41 | Build | Lumber Camp |
| 21:58 | Queue | Villager (Male) |
| 22:06 | Build | Market |
| 22:34 | Queue | Villager (Male) |
| 23:00 | Research | Castle Age |
| 23:00 | Research | Castle Age |
| 23:00 | Research | Castle Age |
| 23:03 | Queue | Villager (Male) |
Match timeline
| 7:47 | iamkaito · first_building Barracks |
| 7:49 | Eray_ · first_building Barracks |
| 8:26 | iamkaito · wall_segment Palisade Wall x1 |
| 8:28 | iamkaito · wall_segment Palisade Wall x1 |
| 8:29 | iamkaito · wall_segment Palisade Wall x1 |
| 8:30 | iamkaito · wall_segment Palisade Wall x1 |
| 8:51 | Eray_ · age_up feudal |
| 8:52 | iamkaito · age_up feudal |
| 8:53 | Eray_ · first_building Archery Range |
| 9:03 | iamkaito · wall_segment Palisade Wall x6 |
| 9:13 | iamkaito · first_building Archery Range |
| 12:21 | iamkaito · wall_segment Palisade Wall x9 |
| 12:50 | Eray_ · wall_segment Palisade Wall x1 |
| 13:16 | iamkaito · wall_segment Palisade Wall x5 |
| 13:29 | iamkaito · wall_segment Palisade Wall x1 |
| 13:55 | Eray_ · wall_segment Palisade Wall x6 |
| 13:59 | Eray_ · wall_segment Palisade Wall x9 |
| 14:33 | iamkaito · wall_segment Palisade Wall x1 |
| 14:38 | iamkaito · wall_segment Palisade Wall x1 |
| 17:16 | Eray_ · first_building Stable |
| 18:06 | iamkaito · wall_segment Palisade Wall x6 |
| 18:51 | iamkaito · wall_segment Palisade Wall x1 |
| 19:27 | iamkaito · wall_segment Palisade Wall x1 |
| 22:59 | Eray_ · first_market_sell 100 food |
| 24:49 | iamkaito · wall_segment Palisade Wall x5 |
| 25:18 | iamkaito · wall_segment Palisade Wall x1 |
| 25:19 | iamkaito · wall_segment Palisade Wall x1 |
| 25:20 | iamkaito · wall_segment Palisade Wall x1 |
| 25:55 | Eray_ · age_up castle |
| 26:05 | iamkaito · wall_segment Palisade Wall x1 |
| 26:23 | iamkaito · age_up castle |
| 26:29 | iamkaito · first_building Siege Workshop |
| 26:47 | Eray_ · first_building Monastery |
| 27:05 | iamkaito · wall_segment Palisade Wall x1 |
| 27:22 | Eray_ · first_market_buy 100 wood |
| 27:46 | iamkaito · first_building Castle |
| 28:26 | iamkaito · wall_segment Palisade Wall x1 |
| 29:34 | iamkaito · first_building Monastery |
| 30:05 | iamkaito · first_market_buy 100 food |
| 33:17 | Eray_ · first_building Siege Workshop |
| 34:23 | Eray_ · age_up imperial |
| 43:11 | iamkaito · first_market_sell 100 wood |
| 46:25 | iamkaito · age_up imperial |
| 49:45 | iamkaito · resign |
[ AI ANALYSIS · 1 CREDIT ]
What really happened in this match?
Wolo.gg analyzes every decision: build order, eco, micro, common mistakes by bracket. Personalized analysis on WhatsApp or Discord in 30 seconds.
Civ guide
Britons
Perfil
iamkaito